 Dungeon Crawl Stone Soup version 0.30-a0-634-g8abc85282e (webtiles) character file.

Game seed: 11633377975869618480

6076 ryw the Arsonist (level 10, -3/86 HPs)
             Began as a Pale Draconian Fire Elementalist on Jan 14, 2023.
             Was a Follower of Qazlal.
             Slain by a yak (7 damage)
             ... on level 9 of the Dungeon.
             The game lasted 00:34:06 (12274 turns).

ryw the Arsonist (DrFE)                            Turns: 12274, Time: 00:34:07

Health: -3/86      AC:  8    Str: 15    XL:     10   Next: 57%
Magic:  6/18       EV: 14    Int: 20    God:    Qazlal [*.....]
Gold:   101        SH:  0    Dex: 11    Spells: 9/20 levels left

rFire   + . .      SeeInvis .    v - +4 whip (vamp)
rCold   + + .      Faith    .    (no shield)
rNeg    . . .      Spirit   .    (body armour unavailable)
rPois   +          Reflect  .    (helmet restricted)
rElec   +          Harm     .    w - +0 cloak
rCorr   .          Rampage  .    (no gloves)
Will    .....                    (no boots)
Stlth   +                        (no amulet)
HPRegen 0.34/turn                m - ring of Linearity {Wiz *Corrode rPois Str+2}
MPRegen 0.16/turn                r - ring "Cytetwa" {rElec rF+ rC++ Will- Str+2}

@: confused, swift, ambrosia-drunk, very quick
A: breathe steam, AC +7, unfitting armour, cold-blooded, steam resistance
a: Breathe Steam, Renounce Religion


You were on level 9 of the Dungeon.
You worshipped Qazlal.
Qazlal was aware of your devotion.
You visited 2 branches of the dungeon, and saw 10 of its levels.

You collected 454 gold pieces.
You spent 353 gold pieces at shops.

Inventory:

Hand Weapons
 v - a +4 vampiric whip (weapon)
Armour
 b - the +1 cloak "Idghozal" {rCorr Str+3}
   (You bought it in a shop on level 2 of the Dungeon)

   Str:       It affects your strength (+3).
   rCorr:     It protects you from acid and corrosion.
 w - a +0 cloak (worn)
Jewellery
 m - the ring of Linearity (left hand) {Wiz *Corrode rPois Str+2}
   (You bought it in a shop on level 8 of the Dungeon)

   [ring of wizardry]

   It improves your spell success rate.
   Str:       It affects your strength (+2).
   rPois:     It protects you from poison.
   *Corrode:  It may corrode you when you take damage.
 r - the ring "Cytetwa" (right hand) {rElec rF+ rC++ Will- Str+2}
   (You found it on level 5 of the Dungeon)

   [ring of protection from fire]

   Str:       It affects your strength (+2).
   rF:        It protects you from fire.
   rC:        It greatly protects you from cold.
   rElec:     It insulates you from electricity.
   Will:      It decreases your willpower.
Wands
 h - a wand of mindburst (18)
Scrolls
 i - a scroll of immolation
 n - a scroll of fog
 p - a scroll of identify
Potions
 a - a potion of magic
 d - a potion of heal wounds
 k - 2 potions of attraction
 l - 2 potions of brilliance
 q - 2 potions of might
 t - a potion of resistance
 z - 2 potions of cancellation
 A - 4 potions of flight
 B - a potion of haste


   Skills:
 + Level 7.2 Fighting
 + Level 6.3 Dodging
 - Level 1.7 Stealth
 + Level 5.5 Spellcasting
 - Level 3.0 Conjurations
 - Level 12.0 Fire Magic
 + Level 4.1 Air Magic


You had 9 spell levels left.
You knew the following spells:

 Your Spells              Type           Power      Damage    Failure   Level
a - Foxfire               Conj/Fire      100%       2x1d9     1%          1
b - Scorch                Fire           100%       2d10      1%          2
c - Flame Wave            Conj/Fire      35%        2d10      1%          4
d - Swiftness             Air            22%        N/A       2%          3
e - Shock                 Conj/Air       76%        1d7       1%          1

Your spell library contained the following spells:

 Spells                   Type           Power      Damage    Failure   Level
 Inner Flame              Hex/Fire       29%        N/A       1%          3
 Kindle Blastsparks       Fire/Tloc/Air  54%        2d14      1%          3
 Necrotise                Necr           20%        1d5       4%          1
 Sandblast                Erth           10%        2d5       4%          1
 Summon Small Mammal      Summ           20%        N/A       4%          1
 Passwall                 Tmut/Erth      4%         N/A       7%          2
 Stone Arrow              Conj/Erth      22%        3d8       8%          3
 Airstrike                Air            11%        2d(2-18)  9%          4
 Call Canine Familiar     Summ           5%         N/A       13%         3
 Portal Projectile        Hex/Tloc       10%        N/A       13%         3
 Summon Guardian Golem    Hex/Summ       5%         N/A       13%         3
 Tukima's Dance           Hex            5%         N/A       13%         3
 Vampiric Draining        Necr           5%         2d6       13%         3
 Agony                    Necr           5%         N/A       73%         5
 Blade Hands              Tmut           2%         N/A       73%         5


Dungeon Overview and Level Annotations

Branches:
Dungeon (9/15)             Temple (1/1) D:6
   Lair: D:8-11         Orc: D:9-12

Altars:
Ashenzari
Cheibriados
Dithmenos
Elyvilon
Fedhas
Gozag
Hepliaklqana
Kikubaaqudgha
Makhleb
Nemelex Xobeh
Okawaru
Qazlal
Ru
Sif Muna
Trog
Uskayaw
Vehumet
Wu Jian
Xom
Yredelemnul
Zin
The Shining One

Shops:
D:2 =**:   D:8 *==*

Annotations:
D:5 Grinder
D:6 1 runed translucent door, Crazy Yiuf
D:8 1 runed translucent door, zazu2006's ghost, journeyman NaHW


Innate Abilities, Weirdness & Mutations

You can breathe blasts of scalding, opaque steam.
Your pale cyan-grey scales are hard. (AC +7)
You cannot fit into any form of body armour.
You are cold-blooded and may be slowed by cold attacks.
You are immune to the effects of steam.


Message History

The yak is lightly wounded.
The flame wave engulfs the yak!
The yak is moderately wounded.
You finish channelling waves of flame.
The yak gores you.
Casting: Flame Wave (mildly dangerous; 1% risk of failure)
Confirm with . or Enter, or press ? or * to list all spells.
You don't have enough magic to cast this spell.
Unknown command.
You hit the yak.
The yak is heavily wounded.
You feel less wooden.
Your +0 cloak unmelds from your body.
The yak gores you!
* * * LOW HITPOINT WARNING * * *
The yak barely misses you.
Casting: Flame Wave (dangerous; 1% risk of failure)
Confirm with . or Enter, or press ? or * to list all spells.
Okay, then.
Casting: Flame Wave (dangerous; 1% risk of failure)
Confirm with . or Enter, or press ? or * to list all spells.
You feel quick. The yak barely misses you. The yak gores you!
* * * LOW HITPOINT WARNING * * *
A yak comes into view.
The yak bellows!
A water moccasin comes into view.
An orc wizard and an orc come into view.
The orc wizard shouts!
The orc shouts!
You hear a bellow!
An orc comes into view. It is wielding a +0 short sword.
A yak comes into view.
You feel a little less mighty now.
The orc wizard gestures at you while chanting.
You are confused.
The orc wizard casts a spell at you. The magic dart hits you!
* * * LOW HITPOINT WARNING * * *
The orc wizard gestures at you while chanting.
The magic dart hits you.
* * * LOW HITPOINT WARNING * * *
You are more confused.
You feel invigorated. The yak gores you!
You die...

##....#######..###.#
##.....# ##.## #.#
#......######..####.#
#...................#
#......####.#########
#......#....#
#.....[#.####
#......#.# #.....@..#
#####Y.### ##YY.##
##..#.# #.).#.#
#.#Y##.# #S$†.##o#
#.#.####o# #. #. #o.


You could see 4 yaks, a water moccasin, an orc wizard and an orc.

Vanquished Creatures
  Pikel (D:4)
  A deep elf pyromancer (D:7)
  Maurice (D:9)
  Maggie (D:6)
  A hornet (D:8)
  Prince Ribbit (D:5)
  Sigmund (D:2)
  A yak (D:4)
  A wyvern (D:9)
  Eustachio (D:5)
  2 steam dragons
  Edmund (D:6)
  An acid dragon (D:9)
  3 water moccasins
  A sky beast (D:7)
  2 ice beasts (D:6)
  A black bear (D:4)
  An ogre (D:4)
  6 centaurs
  3 lemures (D:4)
  3 bullfrogs (D:8)
  2 gnoll sergeants
  3 kobold brigands
  A necrophage (D:4)
  A scorpion (D:4)
  Blork the orc (D:5)
  9 killer bees
  2 lava snakes (D:8)
  3 jellies
  2 hounds
  4 orc priests
  Ijyb (D:5)
  An iguana (D:7)
  3 orc wizards
  10 gnolls
  6 adders
  2 white imps
  3 worms
  2 dart slugs (D:1)
  19 orcs
  3 bats
  9 endoplasms
  5 giant cockroaches
  9 goblins
  5 hobgoblins
  9 jackals (D:2)
  8 quokkas
  5 ball pythons
  4 frilled lizards
  13 kobolds
  8 rats
187 creatures vanquished.

Vanquished Creatures (others)
  935 foxfires
  7 plants (D:9)
942 creatures vanquished.

Grand Total: 1129 creatures vanquished

Notes
Turn   | Place    | Note
-------+----------+-------------------------------------------
     0 | D:1      | ryw the Draconian Fire Elementalist began the quest for the
                  | Orb.
     0 | D:1      | Reached XP level 1. HP: 14/14 MP: 3/3
   278 | D:1      | Reached XP level 2. HP: 22/22 MP: 0/5
  1165 | D:2      | Reached skill level 1 in Fighting
  1284 | D:2      | Reached XP level 3. HP: 28/28 MP: 2/6
  1363 | D:2      | Learned a level 2 spell: Scorch
  1592 | D:2      | Noticed Sigmund
  1654 | D:2      | Killed Sigmund
  1655 | D:2      | Reached XP level 4. HP: 9/37 MP: 0/8
  1655 | D:2      | Reached XP level 5. HP: 10/42 MP: 0/9
  2444 | D:2      | Found Hiroberph's Assorted Antiques.
  2673 | D:2      | Found Amnogisa's Assorted Antiques.
  2717 | D:2      | Found Ochetim's Book Shop.
  2787 | D:2      | Found Sodoseet's Jewellery Shoppe.
  2981 | D:3      | Reached skill level 4 in Fire Magic
  3284 | D:3      | Found a broken altar of Ashenzari.
  3355 | D:3      | You fall into a shaft and drop 1 floor!
  3367 | D:4      | Noticed an ogre
  3529 | D:3      | Reached XP level 6. HP: 50/50 MP: 5/10
  4520 | D:2      | Bought a translucent cloak for 218 gold pieces
  4520 | D:2      | Identified the +1 cloak "Idghozal" {rCorr Str+3} (You
                  | bought it in a shop on level 2 of the Dungeon)
  4791 | D:4      | Reached skill level 5 in Fire Magic
  4849 | D:4      | Your scales start taking on a pale cyan-grey colour.
  4849 | D:4      | Reached skill level 6 in Fire Magic
  4849 | D:4      | Reached XP level 7. HP: 38/57 MP: 0/11
  4849 | D:4      | Gained mutation: You are immune to the effects of steam.
                  | [Pale Draconian growth]
  5014 | D:4      | Noticed Pikel
  5176 | D:4      | Killed Pikel
  5177 | D:4      | Reached skill level 8 in Fire Magic
  5177 | D:4      | Reached XP level 8. HP: 7/63 MP: 3/12
  5640 | D:4      | Reached skill level 9 in Fire Magic
  6122 | D:4      | Learned a level 4 spell: Flame Wave
  6126 | D:4      | Learned a level 3 spell: Swiftness
  6127 | D:5      | Entered Level 5 of the Dungeon
  6133 | D:5      | Found a hazy altar of Hepliaklqana.
  6133 | D:5      | Found an opulent altar of Gozag.
  6136 | D:5      | Found a blossoming altar of Fedhas.
  6145 | D:5      | Noticed Ijyb
  6153 | D:5      | Killed Ijyb
  6160 | D:5      | Noticed Blork the orc
  6309 | D:5      | Noticed Prince Ribbit
  6315 | D:5      | Killed Prince Ribbit
  6316 | D:5      | Reached skill level 1 in Air Magic
  6318 | D:5      | Identified the ring "Cytetwa" {rElec rF+ rC++ Will- Str+2}
  6380 | D:5      | Killed Blork the orc
  6575 | D:5      | Reached skill level 10 in Fire Magic
  7005 | D:5      | Noticed Eustachio
  7228 | D:5      | Killed Eustachio
  7409 | D:5      | Noticed a two-headed ogre
  7409 | D:5      | Noticed Grinder
  7467 | D:4      | Reached XP level 9. HP: 35/71 MP: 3/14
  7839 | D:6      | Noticed Maggie
  7876 | D:6      | Killed Maggie
  8312 | D:6      | Found a staircase to the Ecumenical Temple.
  8321 | Temple   | Entered the Ecumenical Temple
  8542 | Temple   | Became a worshipper of Qazlal Stormbringer
  8579 | D:6      | Noticed Edmund
  8587 | D:6      | Killed Edmund
  8588 | D:6      | Reached skill level 5 in Fighting
  9047 | D:6      | Found a runed translucent door.
  9048 | D:6      | Noticed Crazy Yiuf
  9251 | D:7      | Noticed a deep elf pyromancer
  9272 | D:7      | Killed a deep elf pyromancer
  9273 | D:7      | Reached skill level 5 in Dodging
  9273 | D:7      | Reached skill level 5 in Spellcasting
  9273 | D:7      | Reached skill level 11 in Fire Magic
  9776 | D:7      | Reached XP level 10. HP: 51/83 MP: 1/17
 10412 | D:7      | Reached * piety under Qazlal
 10563 | D:7      | Found an iron altar of Okawaru.
 10563 | D:7      | Found an ornate altar of the Wu Jian Council.
 10670 | D:8      | Found Femess's General Store.
 10721 | D:7      | Learned a level 1 spell: Shock
 11131 | D:8      | Found Ajurroph's Jewellery Boutique.
 11174 | D:8      | Found Riwik's Jewellery Shop.
 11180 | D:8      | Found Fym Wir's Assorted Antiques.
 11246 | D:8      | Found a glowing silver altar of Zin.
 11593 | D:8      | Found a runed translucent door.
 11596 | D:8      | Noticed zazu2006's ghost (journeyman NaHW)
 11870 | D:8      | Upgraded the game from 0.30-a0-632-g346586fe48 to
                  | 0.30-a0-634-g8abc85282e
 11971 | D:8      | Bought a steaming tin ring for 135 gold pieces
 11971 | D:8      | Identified the ring of Linearity {Wiz *Corrode rPois Str+2}
                  | (You bought it in a shop on level 8 of the Dungeon)
 12213 | D:9      | Noticed Maurice
 12254 | D:9      | Killed Maurice
 12255 | D:9      | Reached skill level 12 in Fire Magic
 12271 | D:9      | HP: 3/86 [orc wizard/magic dart (7)]
 12273 | D:9      | HP: 1/86 [orc wizard/magic dart (2)]
 12274 | D:9      | Slain by a yak

Illustrated notes

Levels and vault maps discovered:
D:1:      minmay_arrival_wavy_path, layout_basic, nicolae_titane
D:2:      layout_loops_ring, serial_shops, shop, nicolae_shop_waterfront,
          nicolae_shop_waterfront, shop_statue, uniq_sigmund
D:3:      layout_basic, nicolae_ashenzari_skybound, columned_hall_lemuel
D:4:      layout_basic, uniq_pikel
D:5:      layout_gridville, nicolae_overflow_hidden_temple,
          amcnicky_mini_corridor_feature, minmay_small_thing, uniq_eustachio,
          uniq_grinder, uniq_blork_the_orc, uniq_ijyb, uniq_prince_ribbit1
D:6:      layout_rooms, minmay_temple_entry_tees, uniq_maggie,
          uniq_crazy_yiuf_cottage, uniq_edmund
D:7:      layout_gridville, nicolae_overflow_two_pavilions
D:8:      layout_rooms, kennysheep_mini_moat, serial_shops, shop,
          nicolae_shop_window_shopping, nicolae_inconvenience_store, shop,
          ebering_ghost_reflecting_pool
D:9:      layout_basic, minmay_lair_entry_grove, enter_bailey_3,
          chequers_serial_rivers_micro_e, minmay_puff, uniq_maurice
Temple:   bh_familiar_temple

Skill      XL: |  1  2  3  4  5  6  7  8  9 10 |
---------------+-------------------------------+-----
Dodging        | 2 3 5 6 |  6.3
Fighting       | 1 2 3 4 6 7 |  7.2
Conjurations   | 2 3 |  3.0
Spellcasting   | 3 5 |  5.5
Fire Magic     | 4 6 8 10 11 12 | 12.0
Air Magic      | 2 3 4 |  4.1
Stealth        | |  1.7

Action                   |  1- 3 |  4- 6 |  7- 9 | 10-12 || total
-------------------------+-------+-------+-------+-------++-------
Melee: Dagger            |    19 |    19 |       |       ||    38
       Tailslap          |     2 |     2 |       |     1 ||     5
       Whip              |       |       |     4 |    32 ||    36
 Cast: Foxfire           |    82 |   178 |   232 |    53 ||   545
       Scorch            |       |     3 |    41 |    22 ||    66
       Swiftness         |       |       |     1 |     1 ||     2
       Shock             |       |       |       |    14 ||    14
       Flame Wave        |       |       |       |    11 ||    11
 Abil: Breathe Steam     |       |       |     4 |       ||     4
Evoke: Wand              |       |       |     6 |       ||     6
  Use: Potion            |     4 |       |     2 |     5 ||    11
       Scroll            |       |     8 |    10 |     3 ||    21
Armor: Skin              |    14 |    21 |    39 |    23 ||    97
Dodge: Dodged            |    30 |    37 |   115 |    66 ||   248
Block: Other             |       |       |       |     3 ||     3

Table legend: (Time is in decaauts)
 A = Elapsed time spent in this place.
 B = Non-inter-level travel time spent in this place.
 C = Inter-level travel time spent in this place.
 D = Time resting spent in this place.
 E = Time spent auto-exploring this place.
 F = Levels seen in this place.
 G = Mean time per level.
                   A        B        C        D        E       F      G
               +--------+--------+--------+--------+--------+-----+--------+
         Total |  12281 |  11702 |    579 |   1827 |   8065 |  10 | 1228.1 |
       Dungeon |  12028 |  11518 |    510 |   1827 |   7903 |   9 | 1336.4 |
        Temple |    252 |    183 |     69 |      0 |    162 |   1 |  252.0 |
               +--------+--------+--------+--------+--------+-----+--------+

Top non-repeatable levels by time:
     D:4: 1990 daAuts
     D:2: 1906 daAuts
     D:3: 1480 daAuts
     D:7: 1442 daAuts
     D:8: 1440 daAuts
     D:5: 1281 daAuts
     D:1: 1161 daAuts
     D:6: 1107 daAuts
  Temple: 252 daAuts
     D:9: 218 daAuts
